cohdb
Replays
Latest Replays
All Replays
Popular Replays
Top Player Replays
Match Explorer
How It Works
Community
CoH3 Stats
Reddit
Sign in to upload your games and track your stats! →
Sign in with Steam
Match 41316985
Unlisted
Match 41316985
Overview
Messages
Build Orders
End
Panzergrenadier Squad
Selects Battlefield Espionage Battlegroup
250 Light Carrier
Panzergrenadier Squad
Panzergrenadier Squad
Selects Sector Subterfuge Beacon
Construct Light Support Kompanie
Selects Plunder
Assault Grenadier Squad
Panzerjäger Mechanized Group
Construct Mechanized Kompanie
Selects 250/3 Funkpanzerwagen
Marder III Tank Destroyer
Selects Anti-Tank Incendiary Munitions
Panzergrenadier Squad
Panzerjäger Mechanized Group
Nomissa
Insane Zjoekov
STALKER4732
Devochkin
0
0
Comments
sign in to comment!
No comments posted yet!